 Dungeon Crawl Stone Soup version 0.29.1-15-g9cfb28693d (webtiles) character file.

Game seed: 8486433425531970070

25 leafyfresh the Sneak (level 3, -2/26 HPs)
             Began as an Octopode Delver on Mar 10, 2023.
             Slain by a lemure (6 damage)
             ... led by Pikel
             ... on level 4 of the Dungeon.
             The game lasted 00:00:16 (37 turns).

leafyfresh the Sneak (Octopode Delver)                Turns: 37, Time: 00:00:18

Health: -2/26      AC:  1    Str: 11    XL:     3   Next: 6%
Magic:  3/3        EV: 13    Int: 14    God:
Gold:   0          SH:  0    Dex: 13    Spells: 2/2 levels left

rFire   . . .      SeeInvis .   a - +0 short sword
rCold   . . .      Faith    .   (no shield)
rNeg    . . .      Spirit   .   (helmet restricted)
rPois   .          Reflect  .   (no amulet)
rElec   .          Harm     .   (no ring)
rCorr   .          Rampage  .   (no ring)
Will    .....                   (no ring)
Stlth   ++++......              (no ring)
HPRegen 0.08/turn               (no ring)
MPRegen 0.08/turn               (no ring)
                                (no ring)
                                (no ring)

@: marked
A: almost no armour, amphibious, 8 rings, camouflage 1, gelatinous body 1,
(nimble swimmer 1), tentacles
a: no special abilities


You were on level 4 of the Dungeon.
You visited 1 branch of the dungeon, and saw 2 of its levels.

Inventory:

Hand Weapons
 a - a +0 short sword (weapon)
Wands
 f - a wand of digging (3)
Scrolls
 b - a scroll of fog
 c - a scroll of magic mapping
 g - a scroll of amnesia {unknown}
Potions
 e - a potion of haste


   Skills:
 + Level 3.3 Fighting
 - Level 2.4 Short Blades
 + Level 2.4 Dodging
 + Level 6.9 Stealth


You had 2 spell levels left.
You didn't know any spells.
Your spell library was empty.

Dungeon Overview and Level Annotations

Branches:
Dungeon (5/15)
 Temple: D:4-7

Altars:

Annotations:
D:4 Pikel
D:5 Edmund


Innate Abilities, Weirdness & Mutations

You cannot wear most types of armour.
You are amphibious.
You can wear up to eight rings at the same time.
Your skin changes colour to match your surroundings (Stealth+).
Your rubbery body absorbs attacks. (AC +1, EV +1)
((You are camouflaged when in or above water. (Stealth+)))
You have tentacles for arms and can constrict up to eight enemies at once.


Message History

Edmund hits you with a +3 flail of protection.
Edmund attacks as you move away! Edmund barely misses you.
There is an escape hatch in the ceiling here.
As you read the scroll of fear, it crumbles to dust.
You assume a fearsome visage.
Edmund looks frightened!
The orc looks frightened!
An ogre comes into view. It is wielding a +0 giant club.
Unknown command.
A mysterious force pulls you upwards. The hatch slams shut behind you.
The lemure shouts!
Pikel shouts!
The lemure shouts!
You hear a shout!
Found a robe and 11 gold pieces.
There are monsters nearby!
There are monsters nearby!
There are monsters nearby!
There are monsters nearby!
Unknown command.
A hound comes into view.
The hound completely misses you.
You hit the hound. Your grab misses the hound.
The hound is lightly wounded.
The hound bites you. x2
* * * LOW HITPOINT WARNING * * *
Pikel says, "You'll feel the lick of my whip!"
You hit the hound. You grab the hound.
You squeeze the hound, but do no damage.
The hound is moderately wounded.
You constrict the hound. The hound bites you.
* * * LOW HITPOINT WARNING * * *
A lemure comes into view.
You hit the hound. You squeeze the hound.
The hound is severely wounded.
You constrict the hound, but do no damage.
The hound closely misses you. The hound misses you.
You hit the hound.
You tentacle-slap the hound, but do no damage.
The hound is almost dead.
You constrict the hound. The hound bites you.
* * * LOW HITPOINT WARNING * * *
The lemure hits you.
You die...

... ... ..# #.# ##
#.# .. #.##
#.########..######
#.h@5...K55.......
#########5........
#...[.$...
##########


You could see Pikel, 4 lemures and a hound.

Vanquished Creatures
  An iguana (D:5)
1 creature vanquished.

Notes
Turn   | Place    | Note
-------+----------+-------------------------------------------
     0 | D:5      | leafyfresh the Octopode Delver began the quest for the Orb.
     0 | D:5      | Reached XP level 1. HP: 16/16 MP: 1/1
     7 | D:5      | Noticed an iguana
    12 | D:5      | Killed an iguana
    13 | D:5      | Reached XP level 2. HP: 21/21 MP: 2/2
    13 | D:5      | Reached XP level 3. HP: 26/26 MP: 3/3
    15 | D:5      | Noticed Edmund
    24 | D:5      | Noticed an ogre
    26 | D:4      | Noticed Pikel
    26 | D:4      | Noticed a lemure
    26 | D:4      | Noticed a lemure
    26 | D:4      | Noticed a lemure
    35 | D:4      | Noticed a lemure
    37 | D:4      | Slain by a lemure

Illustrated notes

Levels and vault maps discovered:
D:4:      layout_rooms, nicolae_shop_sticking_my_neck_out, uniq_pikel
D:5:      layout_basic, nicolae_tso_besieged_by_evil, zin_purify, uniq_edmund,
          uniq_blork_the_orc

Action                   || total
-------------------------++-------
Melee: Short sword       ||     9
       Tentacles         ||     4
       Constrict         ||     2
       Punch             ||     1
  Use: Scroll            ||     1
Dodge: Dodged            ||     7
